Map: Distant Plane

Players

StkPohlavson

  • Race: Zerg Zerg
  • Spawn Location: 11:00

Tommy

  • Race: Protoss Protoss
  • Spawn Location: 11:00

Loken

  • Race: Protoss Protoss
  • League: Platinum
  • Spawn Location: 5:00

dallaskuken

  • Race: Protoss Protoss
  • League: Platinum
  • Spawn Location: 5:00

VOD

Have the link to the VOD?

Description

Time

  • Played on: March 25, 2017, 12:56 p.m.
  • Length: 11:14
Show
View Real Time Build Order
Export as new Build Order

StkPohlavson Zerg 

Build Orders: Hatch First 

Get SALT Encoding   

  12  0:01  Drone  
  13  0:10  Drone  
  14  0:17  Overlord  
  14  0:30  Overlord  
  14  0:35  Drone x2  
  16  0:44  Drone  
  17  0:55  Drone  
  18  1:09  Drone  
  19  1:17  Hatchery, Drone  
  19  1:25  Spawning Pool  
  19  1:30  Drone  
  19  1:35  Extractor  
  18  1:40  Overlord  
  18  1:47  Extractor  
  17  1:58  Drone  
  18  2:12  Drone x2  
  20  2:17  Hatchery  
  19  2:23  Queen  
  19  2:28  Spine Crawler  
  20  2:30  Drone  
  20  2:33  Zergling x2  
  20  2:34  Zergling x2  
  23  2:45  Overlord  
  23  2:46  Overlord  
  23  3:04  Drone x2  
  25  3:06  Queen  
  25  3:10  Zergling x4  
  29  3:17  Zergling x4  
  31  3:29  Spine Crawler, Zergling x6  
  33  3:36  Spore Crawler  
  32  3:41  Drone  
  32  3:42  Drone x3  
  32  3:46  Drone  
  37  3:54  Drone x2  
  39  4:07  Drone x2  
  41  4:10  Spore Crawler  
  40  4:18  Roach Warren  
  40  4:19  Drone  
  40  4:20  Drone x2  
  42  4:26  Zergling x4  
  42  4:27  Zergling x2  
  45  4:37  Queen  
  45  4:44  Spore Crawler  
  44  4:46  Drone x3  
  44  4:48  Drone x2  
  49  5:03  Drone x4  
  49  5:05  Extractor  
  49  5:06  Queen  
  52  5:07  Extractor  
  52  5:08  Drone x2  
  55  5:15  Roach  
  55  5:16  Roach x2  
  61  5:23  Extractor  
  61  5:27  Metabolic Boost  
  60  5:30  Lair  
  60  5:32  Drone  
  60  5:33  Drone x5  
  66  5:36  Extractor  
  65  5:51  Spore Crawler  
  65  5:52  Spine Crawler  
  65  5:55  Spine Crawler  
  53  6:05  Roach  
  53  6:06  Roach x5  
  51  6:26  Roach x7  
  63  6:33  Roach  
  63  6:36  Overseer  
  63  6:37  Overseer  
  65  6:42  Overlord  
  65  6:43  Overlord x4  
  65  6:56  Roach  
  57  7:02  Roach  
  57  7:03  Roach x3  
  63  7:08  Queen  
  65  7:18  Zergling x2  
  65  7:19  Zergling x12  
  72  7:34  Zergling x6  
  72  7:35  Zergling x2  
  76  7:48  Zergling x18  
  85  7:59  Spore Crawler  
  85  8:02  Spore Crawler  
  85  8:03  Spine Crawler  
  85  8:04  Drone  
  85  8:05  Drone x4  
  87  8:06  Spine Crawler  
  86  8:15  Infestation Pit  
  85  8:23  Evolution Chamber  
  85  8:24  Drone  
  85  8:25  Drone x5, Evolution Chamber  
  89  8:48  Hydralisk Den  
  88  8:50  Zergling x2  
  88  8:51  Zergling x12  
  95  9:07  Zerg Missile Weapons Level 1  
  95  9:11  Drone x2  
  95  9:12  Drone  
  98  9:17  Drone  
  98  9:18  Hatchery, Drone x2  
  98  9:44  Roach x4  
  89  9:55  Zergling x2  
  89  9:56  Zergling x16  
  97  10:06  Infestor  
  97  10:07  Infestor x2  
  101  10:25  Roach  
  101  10:26  Roach x4  
  102  10:32  Roach x2  
  99  10:44  Zergling x4  
  99  10:45  Zergling x10  
  108  10:52  Drone  
  108  10:53  Drone x2  
Show
View Real Time Build Order
Export as new Build Order

Tommy Protoss 

Build Orders:  

Get SALT Encoding   

  12  0:04  Probe (Chrono Boost)  
  13  0:14  Probe (Chrono Boost)  
  13  0:18  Pylon  
  14  0:25  Probe (Chrono Boost)  
  15  0:37  Probe (Chrono Boost)  
  15  0:39  Assimilator  
  16  0:47  Probe (Chrono Boost)  
  17  0:52  Gateway  
  17  0:58  Probe (Chrono Boost)  
  18  1:06  Pylon  
  18  1:08  Probe (Chrono Boost)  
  19  1:12  Assimilator  
  19  1:19  Probe (Chrono Boost)  
  20  1:29  Probe (Chrono Boost)  
  21  1:47  Probe (Chrono Boost)  
  22  1:58  Cybernetics Core  
  22  1:59  Nexus  
  22  2:08  Pylon  
  22  2:16  Probe (Chrono Boost)  
  23  2:26  Probe (Chrono Boost)  
  24  2:36  Robotics Facility  
  24  2:43  Robotics Facility  
  24  2:46  Probe (Chrono Boost)  
  25  2:54  Stalker  
  27  3:03  Probe (Chrono Boost)  
  28  3:14  Probe x2 (Chrono Boost)  
  30  3:24  Probe (Chrono Boost)  
  30  3:25  Probe (Chrono Boost)  
  32  3:27  Observer  
  32  3:32  Observer  
  34  3:36  Stalker  
  36  3:43  Probe (Chrono Boost)  
  37  3:53  Probe (Chrono Boost), Immortal  
  42  3:58  Immortal  
  46  4:04  Probe (Chrono Boost)  
  46  4:05  Assimilator  
  46  4:06  Probe (Chrono Boost)  
  48  4:10  Assimilator  
  48  4:17  Probe (Chrono Boost)  
  49  4:24  Pylon  
  49  4:27  Probe (Chrono Boost)  
  49  4:29  Pylon  
  47  4:49  Probe (Chrono Boost)  
  47  4:52  Immortal x2  
  56  4:53  Stalker  
  56  4:59  Gateway, Probe (Chrono Boost)  
  59  5:10  Probe (Chrono Boost)  
  59  5:13  Probe (Chrono Boost)  
  61  5:20  Probe (Chrono Boost)  
  62  5:23  Stalker  
  62  5:25  Gateway  
  62  5:27  Gateway  
  62  5:28  Warp Gate, Gateway  
  64  5:31  Immortal  
  68  5:43  Observer  
  68  5:49  Pylon  
  69  5:51  Pylon  
  69  6:02  Immortal  
  73  6:11  Nexus  
  72  6:28  Stargate x2  
  72  6:35  Pylon  
  72  6:37  Pylon  
  64  6:58  Immortal  
  64  7:01  Stalker x2  
  64  7:03  Immortal  
  64  7:04  Stalker x3  
  80  7:15  Probe (Chrono Boost)  
  81  7:23  Oracle  
  81  7:24  Oracle  
  81  7:27  Probe (Chrono Boost)  
  86  7:39  Probe (Chrono Boost)  
  85  7:48  Immortal  
  85  7:51  Probe (Chrono Boost)  
  86  7:53  Immortal  
  94  8:02  Twilight Council  
  94  8:03  Probe (Chrono Boost)  
  95  8:08  Pylon  
  95  8:10  Pylon  
  95  8:11  Probe (Chrono Boost)  
  96  8:14  Pylon  
  96  8:16  Gateway  
  96  8:21  Probe (Chrono Boost)  
  97  8:32  Probe (Chrono Boost)  
  98  8:35  Immortal  
  100  8:42  Probe (Chrono Boost)  
  101  8:53  Probe (Chrono Boost)  
  102  9:03  Probe (Chrono Boost)  
  102  9:05  Immortal  
  102  9:06  Stalker  
  102  9:07  Stalker x4  
  117  9:14  Probe (Chrono Boost), Immortal  
  122  9:37  Stalker x3  
  122  9:38  Stalker x2  
  130  10:12  Stargate  
  130  10:13  Probe (Chrono Boost)  
  131  10:15  Stargate  
  131  10:16  Assimilator  
  131  10:21  Assimilator  
  129  10:23  Probe (Chrono Boost)  
  129  10:25  Fleet Beacon  
  121  10:34  Probe (Chrono Boost)  
  118  10:45  Probe (Chrono Boost)  
  119  10:55  Probe (Chrono Boost)  
Show
View Real Time Build Order
Export as new Build Order

Loken Protoss 

Build Orders: Oracle Opening, Dark Templar Rush 

Get SALT Encoding   

  12  0:01  Probe (Chrono Boost)  
  13  0:12  Probe (Chrono Boost)  
  14  0:19  Pylon  
  14  0:22  Probe (Chrono Boost)  
  15  0:38  Probe (Chrono Boost)  
  15  0:40  Gateway  
  16  0:48  Probe (Chrono Boost)  
  17  0:55  Assimilator  
  17  0:59  Assimilator, Probe (Chrono Boost)  
  18  1:09  Probe (Chrono Boost)  
  19  1:20  Probe (Chrono Boost)  
  20  1:27  Cybernetics Core  
  20  1:30  Probe (Chrono Boost)  
  21  1:38  Pylon  
  21  1:41  Probe (Chrono Boost)  
  22  1:51  Probe (Chrono Boost)  
  23  2:02  Probe (Chrono Boost)  
  26  2:11  Stargate  
  24  2:36  Twilight Council  
  24  2:49  Warp Gate  
  24  2:56  Oracle  
  26  3:24  Dark Shrine  
  26  3:26  Probe (Chrono Boost)  
  27  3:29  Pylon  
  27  3:31  Nexus  
  27  3:45  Pylon  
  27  4:13  Gateway  
  27  4:15  Gateway  
  27  4:17  Gateway  
  27  4:19  Gateway  
  27  5:08  Dark Templar  
  27  5:14  Dark Templar x3  
  31  5:16  Dark Templar  
  31  5:20  Assimilator  
  37  5:23  Probe (Chrono Boost)  
  37  5:24  Assimilator  
  39  5:29  Probe (Chrono Boost)  
  39  5:32  Pylon  
  39  5:34  Probe (Chrono Boost)  
  40  5:41  Probe (Chrono Boost)  
  41  5:44  Probe (Chrono Boost)  
  42  5:53  Probe (Chrono Boost)  
  42  5:55  Probe (Chrono Boost)  
  45  6:05  Probe x2 (Chrono Boost)  
  42  6:17  Probe (Chrono Boost)  
  41  6:29  Dark Templar  
  41  6:30  Dark Templar x2  
  41  6:32  Zealot x2  
  45  7:00  Gateway  
  45  7:01  Gateway x2  
  36  7:03  Zealot x4  
  36  7:04  Zealot  
  44  7:23  Probe (Chrono Boost)  
  44  7:26  Void Ray  
  45  7:34  Probe (Chrono Boost)  
  50  7:40  Zealot x3, Charge  
  50  7:41  Zealot x2  
  60  7:44  Probe (Chrono Boost)  
  61  7:55  Probe (Chrono Boost)  
  62  8:05  Probe (Chrono Boost)  
  63  8:07  Zealot  
  63  8:08  Zealot x2, Pylon, Nexus  
  69  8:23  Forge  
  69  8:24  Forge  
  69  8:26  Pylon, Void Ray  
  73  8:34  Stalker x2  
  73  8:37  Pylon  
  73  8:38  Pylon  
  77  8:48  Pylon  
  77  8:57  Photon Cannon  
  77  8:59  Photon Cannon  
  68  9:07  Stalker  
  68  9:08  Stalker x5  
  66  9:22  Probe (Chrono Boost)  
  67  9:34  Probe (Chrono Boost)  
  67  9:36  Photon Cannon  
  69  9:46  Probe (Chrono Boost)  
  43  9:58  Probe (Chrono Boost)  
  24  10:03  Zealot  
  24  10:04  Zealot x5  
  23  10:10  Probe (Chrono Boost)  
Show
View Real Time Build Order
Export as new Build Order

dallaskuken Protoss 

Build Orders:  

Get SALT Encoding   

  12  0:01  Probe (Chrono Boost)  
  13  0:19  Pylon  
  13  0:21  Probe (Chrono Boost)  
  14  0:32  Probe (Chrono Boost)  
  15  0:37  Gateway  
  15  0:42  Pylon  
  15  0:46  Probe (Chrono Boost)  
  16  0:56  Probe (Chrono Boost)  
  17  1:02  Forge  
  17  1:07  Probe (Chrono Boost)  
  17  1:10  Assimilator  
  18  1:17  Probe (Chrono Boost)  
  19  1:24  Zealot  
  21  1:28  Probe (Chrono Boost)  
  22  1:37  Cybernetics Core  
  22  1:39  Probe (Chrono Boost)  
  23  1:47  Zealot  
  25  2:01  Warp Gate  
  25  2:17  Probe (Chrono Boost)  
  25  2:22  Gateway  
  26  2:23  Photon Cannon  
  26  2:26  Assimilator  
  26  2:29  Probe (Chrono Boost)  
  27  2:34  Stalker  
  29  2:41  Probe (Chrono Boost)  
  30  2:53  Probe (Chrono Boost)  
  31  3:04  Robotics Facility, Pylon  
  31  3:24  Probe (Chrono Boost)  
  31  3:25  Pylon  
  32  3:30  Sentry  
  34  3:46  Nexus  
  34  3:48  Pylon  
  34  3:53  Immortal  
  38  4:09  Gateway  
  38  4:15  Probe (Chrono Boost)  
  39  4:26  Probe (Chrono Boost)  
  40  4:34  Immortal  
  40  4:37  Probe (Chrono Boost)  
  40  4:38  Sentry x2  
  49  4:49  Probe (Chrono Boost)  
  49  4:51  Gateway  
  50  4:59  Probe (Chrono Boost)  
  51  5:10  Probe (Chrono Boost)  
  52  5:16  Immortal  
  52  5:20  Probe (Chrono Boost)  
  57  5:22  Assimilator  
  57  5:30  Robotics Bay  
  57  5:31  Probe (Chrono Boost)  
  58  5:42  Photon Cannon  
  58  5:51  Probe (Chrono Boost)  
  59  5:59  Photon Cannon  
  59  6:01  Observer  
  59  6:02  Probe (Chrono Boost)  
  61  6:06  Stalker x2  
  65  6:12  Probe (Chrono Boost)  
  66  6:23  Probe (Chrono Boost)  
  67  6:34  Assimilator  
  53  7:11  Extended Thermal Lance  
  53  7:12  Colossus  
  59  7:18  Stalker x2  
  63  7:51  Stalker x4  
  69  8:08  Pylon  
  69  8:09  Pylon x2  
  69  8:10  Probe (Chrono Boost)  
  69  8:12  Pylon  
  70  8:13  Pylon  
  70  8:23  Colossus  
  70  8:26  Probe (Chrono Boost)  
  77  8:37  Probe (Chrono Boost)  
  77  8:39  Pylon  
  78  8:42  Nexus  
  78  8:45  Pylon  
  78  8:47  Probe (Chrono Boost)  
  79  8:58  Probe (Chrono Boost)  
  80  9:09  Colossus  
  80  9:14  Photon Cannon  
  80  9:17  Photon Cannon  
  86  9:29  Sentry x2  
  86  9:30  Sentry x2  
  94  9:44  Pylon  
  94  9:48  Pylon  
  94  9:56  Colossus  
  66  10:42  Stalker x4  
Tags
 
Add a new tag
Caveats
  • Supply blocks, unpowered buildings, or Contaminate may cause inaccurate times.
  • Supply counts are checked every 10 seconds.